 Dungeon Crawl Stone Soup version 0.20.0-8-g6b59dc7 (webtiles) character file.

145 Chiseanne the Magician (level 5, 35/35 HPs)
             Began as a Demonspawn Wizard on June 1, 2017.
             Quit the game on level 3 of the Dungeon.
             The game lasted 00:05:44 (3859 turns).

Chiseanne the Magician (Demonspawn Wizard)          Turns: 3859, Time: 00:05:45

Health: 35/35      AC:  6    Str:  8    XL:     5   Next: 6%
Magic:  1/11       EV: 14    Int: 20    God:
Gold:   85         SH:  0    Dex: 11    Spells: 3/12 levels left

rFire    + . .     SeeInvis .   g - +0 hand axe
rCold    . . .     Gourm    .   (no shield)
rNeg     . . .     Faith    .   a - +0 robe
rPois    .         Spirit   .   b - +0 hat
rElec    .         Reflect  .   (no cloak)
rCorr    .         Harm     .   n - +1 pair of gloves
MR       .....                  (no boots)
Stlth    ++........             (no amulet)
Regen    0.2/turn               v - +2 ring of evasion
MPRegen  0.2/turn               (no ring)

@: no status effects
A: horns 1, molten scales 1, fire resistance 1
a: no special abilities


You were on level 3 of the Dungeon.
You were not hungry.

You visited 1 branch of the dungeon, and saw 3 of its levels.

You collected 85 gold pieces.

Inventory:

Hand Weapons
 f - a +0 dagger
 g - a +0 hand axe (weapon)
Missiles
 c - 34 sling bullets
 e - 62 stones (quivered)
 i - 6 poisoned needles
 w - 15 arrows
Armour
 a - a +0 robe (worn)
 b - a +0 hat (worn)
 h - a +0 buckler
 n - a +1 pair of gloves (worn)
Jewellery
 v - a +2 ring of evasion (left hand)
Scrolls
 l - a scroll of remove curse
 q - a scroll of teleportation
Potions
 j - a potion of haste {unknown}
 m - a potion of invisibility {unknown}
 p - a potion of might
 s - 2 potions of curing {unknown}
Comestibles
 d - 4 bread rations
 k - 2 fruits
 o - a chunk of flesh
 u - a royal jelly


   Skills:
 - Level 1.7 Dodging
 - Level 1.7 Stealth
 * Level 4.1 Spellcasting
 * Level 3.8 Conjurations
   Level 1.0 Summonings
 - Level 0.8 Translocations


You had 3 spell levels left.
You knew the following spells:

 Your Spells              Type           Power        Failure   Level  Hunger
a - Magic Dart            Conj           ###.         2%          1    None
b - Blink                 Tloc           N/A          14%         2    #......
c - Conjure Flame         Conj/Fire      ##......     17%         3    ###....
d - Mephitic Cloud        Conj/Pois/Air  #.......     22%         3    ###....


Dungeon Overview and Level Annotations

Branches:
Dungeon (3/15)

Altars:


Innate Abilities, Weirdness & Mutations

You have a pair of small horns on your head.
You are partially covered in molten scales. (AC +2)
Your flesh is heat resistant. (rF+)


Message History

The frilled lizard is heavily wounded.
The gnoll shouts!
Casting: Magic Dart
Confirm with . or Enter, or press ? or * to list all spells.
Aiming: Magic Dart
Press: ? - help, Shift-Dir - straight line, f/p - gnoll
Aim: a gnoll, wielding a trident (almost dead)
The magic dart hits the frilled lizard.
You kill the frilled lizard!
Casting: Magic Dart
Confirm with . or Enter, or press ? or * to list all spells.
Aiming: Magic Dart
Press: ? - help, Shift-Dir - straight line, f/p - gnoll
Aim: a gnoll, wielding a trident (almost dead)
The magic dart hits the gnoll.
You kill the gnoll!
You have reached level 5!
Your demonic ancestry asserts itself...
A pair of horns grows on your head!
Are you sure you want to abandon this character and quit the game? (Confirm with "yes".)

...... ##.# ......##..#
.†.......## .####...##
#...# ##..# #..# #..###
.. ..[####@...##### .###
................ ...
...####g##...####.#### #
.####†# ##...........
....#g###........#.#
#..g##...........#.#
..####...............)..
...................#...
###....#.............#


You could see 3 gnolls.

Vanquished Creatures
  2 adders (D:2)
  A gnoll (D:3)
  An ooze (D:1)
  A worm (D:2)
  4 dart slugs (D:2)
  3 leopard geckos
  6 giant cockroaches
  13 goblins
  11 hobgoblins
  12 jackals
  A quokka (D:3)
  4 ball pythons
  8 bats
  7 frilled lizards
  9 kobolds
  11 rats
94 creatures vanquished.

Notes
Turn   | Place    | Note
-------+----------+-------------------------------------------
     0 | D:1      | Chiseanne the Demonspawn Wizard began the quest for the Orb.
     0 | D:1      | Reached XP level 1. HP: 13/13 MP: 4/4
   255 | D:1      | Gained mutation: You are partially covered in molten scales. (AC +2) [demonic ancestry]
   255 | D:1      | Reached XP level 2. HP: 19/19 MP: 1/6
  1007 | D:1      | Gained mutation: Your flesh is heat resistant. (rF+) [demonic ancestry]
  1007 | D:1      | Reached XP level 3. HP: 17/24 MP: 0/8
  1757 | D:2      | Learned a level 2 spell: Blink
  1761 | D:2      | Learned a level 3 spell: Conjure Flame
  1765 | D:2      | Learned a level 3 spell: Mephitic Cloud
  2047 | D:2      | Reached XP level 4. HP: 16/30 MP: 2/9
  2600 | D:2      | Reached skill level 4 in Spellcasting
  3856 | D:3      | Gained mutation: You have a pair of small horns on your head. [demonic ancestry]
  3856 | D:3      | Reached XP level 5. HP: 35/35 MP: 1/11
  3859 | D:3      | Quit the game

Skill      XL: |  1  2  3  4 |
---------------+-------------+-----
Conjurations   | 2 3 |  3.8
Spellcasting   | 4 |  4.1
Dodging        | |  1.7
Stealth        | |  1.7
Summonings     | |  1.0
Translocations | |  0.8

Action                   |  1- 3 |  4- 6 || total
-------------------------+-------+-------++-------
Melee: Hand axe          |    55 |    11 ||    66
 Cast: Magic Dart        |   116 |    89 ||   205
       Mephitic Cloud    |       |     1 ||     1
       Blink             |       |     1 ||     1
  Use: Scroll            |       |    10 ||    10
       Potion            |       |     1 ||     1
  Eat: Chunk             |     3 |     6 ||     9
Armor: Robe              |    36 |     9 ||    45
Dodge: Dodged            |    88 |    24 ||   112
